 Dungeon Sprint DCSS version 0.19.5 (webtiles) character file.

8749 equalderp2856 the Eviscerator (level 11, 0/54 HPs)
             Began as a Felid Fighter on Mar 3, 2017.
             Was the Champion of Jiyva.
             Slain by an orc knight
             ... wielding a +1 great mace
              (25 damage)
             ... in the Dungeon (Sprint VII: "The Pits").
             The game lasted 00:17:58 (2446 turns).

equalderp2856 the Eviscerator (Felid Fighter)       Turns: 2446, Time: 00:17:58

Health: 0/54       AC:  5    Str: 11    XL:     11   Next: 14%
Magic:  14/14      EV: 35    Int: 12    God:    Jiyva [******]
Gold:   0          SH:  0    Dex: 19    Spells: 0 memorised, 10 levels left
                                        Lives:  0   Deaths: 2

rFire  . . .     SeeInvis +       - Unarmed
rCold  + . .     Gourm    .     (armour unavailable)
rNeg   . . .     Faith    .     (shield unavailable)
rPois  .         Spirit   .     (helmet unavailable)
rElec  .         Reflect  .     (cloak unavailable)
rCorr  +         Harm     .     (gloves unavailable)
MR     +....     NoTele   +     (boots unavailable)
Stlth  +++++++...               (no amulet)
                                (no ring)
                                (no ring)

@: quick
A: no armour, no weapons or thrown items, stealth, antennae 1, claws 1, fangs 3,
thin metallic scales 1, see invisible, carnivore 3, speed 1, high mp 2, shaggy
fur 3, slow metabolism 1, eyeballs 1, pseudopods 2, translucent skin 1,
tendrils, jelly sensing items, sharp paws
a: Request Jelly, Slimify, Cure Bad Mutation, Renounce Religion


You were in the Dungeon.
You worshipped Jiyva.
Jiyva was exalted by your worship.
You were not hungry.

You visited 1 branch

Inventory:

Jewellery
 m - a +3 ring of protection
 n - a +3 ring of protection
Scrolls
 h - a scroll of blinking
 j - 3 scrolls of remove curse
 k - 5 scrolls of amnesia
 l - a scroll of summoning
Potions
 a - 4 potions of might
 c - 6 potions of curing
 d - a potion of heal wounds
 e - 2 potions of haste
 f - 4 potions of magic
 g - 3 potions of berserk rage
 i - 2 potions of invisibility
 o - a potion of degeneration {unknown}
Comestibles
 b - 8 meat rations


   Skills:
 + Level 9.9 Fighting
 + Level 19.2 Dodging
 + Level 14.0 Stealth
 + Level 24.0 Unarmed Combat


You had 10 spell levels left.
You didn't know any spells.

Dungeon Overview and Level Annotations

Branches:
Dungeon (1/1)

Altars:
Ashenzari
Cheibriados
Dithmenos
Elyvilon
Fedhas
Gozag
Hepliaklqana
Kikubaaqudgha
Makhleb
Nemelex Xobeh
Okawaru
Qazlal
Ru
Sif Muna
Trog
Uskayaw
Vehumet
Xom
Yredelemnul
Zin
The Shining One
Beogh
Jiyva
Lugonu


Innate Abilities, Weirdness & Mutations

You cannot wear armour.
You are incapable of wielding weapons or throwing items.
Your paws allow you to move quietly. (Stealth)
You have sharp claws.
You have razor-sharp teeth.
You have supernaturally acute eyesight. (SInv)
You are carnivorous and can eat meat at any time.
You cover ground quickly.
Your thick and shaggy fur keeps you warm. (AC +3, rC+)
You have a slow metabolism.
Your sharp claws are effective at attacking unaware monsters.
You have a pair of small antennae on your head.
You are partially covered in thin metallic scales. (AC +2)
You have a considerably increased reservoir of magic. (+20% MP)
Your body has grown golden eyes which may confuse attackers. (Acc +3)
Armour fits poorly on your large pseudopods.
Your translucent skin slightly reduces your foes' accuracy. (Stealth)
You are covered in slimy tendrils that may disarm your opponents.
You have a small jelly attached to you that senses nearby items.


Message History

Your acid blob spits acid at the orc knight.
The splash of acid hits the orc knight.
The orc knight is splashed with acid.
The acid corrodes the orc knight!
You catch the helpless orc knight completely off-guard!
You eviscerate the orc knight!!!!
You kill the orc knight!
Your Unarmed Combat skill increases to level 24!
Your acid blob spits acid at the black mamba.
The splash of acid hits the black mamba.
The black mamba is splashed with acid.
The acid corrodes the black mamba!
You scratch the black mamba. You bite the black mamba.
The black mamba is heavily wounded.
The black mamba completely misses you.
You closely miss the black mamba. You bite the black mamba!
The black mamba is heavily wounded.
The black mamba misses you.
Your acid blob hits the black mamba!!
The black mamba dies!
Your Stealth skill increases to level 14!
The orc knight hits you with an enchanted great mace!!
You die...

#####################+#
......................#
..........)......†)...#
####++##############..#
∆∆∆#[[#[[#..# ##+
#[[#[[#..# #...
#.....#{.#
##....####..#..#
.......)o@J.#..#
......####).#..# ####.
#.....#..# ∆#
#[[#[[#J.# ∆ #[[#[[#..#
#######''# ## ######''#
J# ∆∆ #.q..†..# .#
#...#....)#


You could see an orc knight and a friendly acid blob.

Vanquished Creatures
  A deep elf master archer (D)
  An orc warlord (D)
  A green death (D)
  Erolcha (D)
  A naga warrior (D)
  A deep elf knight (D)
  A shadow wraith (D)
  A cherub (D)
  A spriggan druid (D)
  A sea snake (D)
  3 orc knights (D)
  A large abomination (D)
  A black mamba (D)
  A rust devil (D)
  Joseph (D)
  2 kobold demonologists (D)
  2 ice devils (D)
  A freezing wraith (D)
  A two-headed ogre (D)
  3 merfolk (D)
  A polar bear (D)
  2 blink frogs (D)
  A vampire (D)
  A wraith (D)
  2 shadows (D)
  4 yaks (D)
  A basilisk (D)
  Grum (D)
  4 vampire mosquitoes (D)
  A soldier ant (D)
  Duvessa (D)
  An orc warrior (D)
  A necrophage (D)
  10 wolves (D)
  A big kobold (D)
  A bullfrog (D)
  A scorpion (D)
  5 killer bees (D)
  A small abomination (D)
  A gnoll shaman (D)
  A worker ant (D)
  A mummy (D)
  4 gnolls (D)
  2 adders (D)
  2 river rats (D)
  An ufetubus (D)
  An ooze (D)
  2 orcs (D)
  A ball python (D)
  A bat skeleton (D)
  3 kobolds (D)
  A quokka (D)
  A jackal zombie (D)
  2 rats (D)
90 creatures vanquished.

Vanquished Creatures (collateral kills)
  A fire giant (D)
  A deep elf sorcerer (D)
  An orc warlord (D)
  A merfolk javelineer (D)
  A centaur warrior (D)
  3 vampire magi (D)
  A sun demon (D)
  7 orc knights (D)
  A manticore (D)
  A black mamba (D)
  4 merfolk (D)
  A blink frog (D)
  A snapping turtle (D)
  A wraith (D)
  A steam dragon (D)
  A yak (D)
  An ogre (D)
  A killer bee (D)
  A mummy (D)
  An adder (D)
  A white imp (D)
  An ufetubus (D)
  A worm (D)
34 creatures vanquished.

Vanquished Creatures (others)
  A merfolk impaler (D)
  A gargoyle (D)
  A hornet (D)
  A blink frog (D)
  A redback (D)
  A water elemental (D)
  A tarantella (D)
  A yak (D)
  A fire bat (D)
  2 floating eyes (D)
  A phantom (D)
  Dowan (D)
  3 killer bees (D)
  40 jellies (D)
  An orc priest (D)
  An orc wizard (D)
  An ooze (D)
  4 orcs (D)
  2 kobolds (D)
65 creatures vanquished.

Grand Total: 189 creatures vanquished

Notes
Turn   | Place    | Note
-------+----------+-------------------------------------------
     0 | D        | equalderp2856 the Felid Fighter began the quest for the Orb.
     0 | D        | Reached XP level 1. HP: 10/10 MP: 2/2
    14 | D        | Reached skill level 5 in Unarmed Combat
    14 | D        | Reached XP level 2. HP: 14/14 MP: 3/3
    21 | D        | Found a radiant altar of Vehumet.
    21 | D        | Found a hide-covered altar of Uskayaw.
    21 | D        | Found an ancient bone altar of Kikubaaqudgha.
    21 | D        | Found a viscous altar of Jiyva.
    21 | D        | Found a hazy altar of Hepliaklqana.
    22 | D        | Found a bloodstained altar of Trog.
    22 | D        | Found a deep blue altar of Sif Muna.
    22 | D        | Found a sacrificial altar of Ru.
    22 | D        | Found a stormy altar of Qazlal.
    22 | D        | Found an iron altar of Okawaru.
    22 | D        | Found a sparkling altar of Nemelex Xobeh.
    22 | D        | Found an opulent altar of Gozag.
    22 | D        | Found a blossoming altar of Fedhas.
    22 | D        | Found a white marble altar of Elyvilon.
    22 | D        | Found a shadowy altar of Dithmenos.
    22 | D        | Found a snail-covered altar of Cheibriados.
    23 | D        | Found a glowing golden altar of the Shining One.
    23 | D        | Found a glowing silver altar of Zin.
    25 | D        | Found a roughly hewn altar of Beogh.
    25 | D        | Found a burning altar of Makhleb.
    25 | D        | Found a basalt altar of Yredelemnul.
    26 | D        | Found a shattered altar of Ashenzari.
    26 | D        | Found a corrupted altar of Lugonu.
    26 | D        | Found a shimmering altar of Xom.
    97 | D        | Became a worshipper of Jiyva Jakuoll the Shapeless
   153 | D        | Reached skill level 5 in Dodging
   153 | D        | Reached skill level 6 in Unarmed Combat
   157 | D        | Reached XP level 3. HP: 18/18 MP: 4/4
   168 | D        | Reached * piety under Jiyva
   169 | D        | Reached ** piety under Jiyva
   174 | D        | Reached *** piety under Jiyva
   177 | D        | Reached **** piety under Jiyva
   205 | D        | Reached ***** piety under Jiyva
   205 | D        | Gained mutation: Your system is resistant to poisons. (rPois) [Jiyva's grace]
   208 | D        | Gained mutation: Your rubbery body absorbs attacks. (AC +1, EV +1) [Jiyva's grace]
   213 | D        | Reached skill level 7 in Unarmed Combat
   213 | D        | Lost mutation: Your system is resistant to poisons. (rPois) [Jiyva's grace]
   213 | D        | Reached ****** piety under Jiyva
   215 | D        | Gained mutation: You have a pair of small horns on your head. [Jiyva's grace]
   217 | D        | Gained mutation: You are partially covered in rugged brown scales. (AC +1, +3% HP) [Jiyva's grace]
   233 | D        | Lost mutation: You have a pair of small horns on your head. [Jiyva's grace]
   238 | D        | Gained mutation: You are covered in slimy tendrils that may disarm your opponents. [Jiyva's grace]
   240 | D        | Gained mutation: You are partially covered in molten scales. (AC +2) [Jiyva's grace]
   242 | D        | Lost mutation: You are partially covered in molten scales. (AC +2) [Jiyva's grace]
   243 | D        | Gained mutation: You have a small jelly attached to you that senses nearby items. [Jiyva's grace]
   247 | D        | Lost mutation: You are partially covered in rugged brown scales. (AC +1, +3% HP) [Jiyva's grace]
   252 | D        | Gained mutation: You have a pair of small horns on your head. [Jiyva's grace]
   259 | D        | Gained mutation: You are resistant to hostile enchantments. (MR+) [Jiyva's grace]
   263 | D        | Gained mutation: Your body has grown golden eyes which may confuse attackers. (Acc +3) [Jiyva's grace]
   267 | D        | Lost mutation: You are resistant to hostile enchantments. (MR+) [Jiyva's grace]
   269 | D        | Gained mutation: Your translucent skin slightly reduces your foes' accuracy. (Stealth) [Jiyva's grace]
   271 | D        | Gained mutation: Potions and wands are less effective at restoring your health. [Jiyva's grace]
   271 | D        | Lost mutation: Potions and wands are less effective at restoring your health. [Jiyva's grace]
   272 | D        | Gained mutation: Your flesh is cold resistant. (rC+) [Jiyva's grace]
   275 | D        | Gained mutation: Your muscles are strong. (Str +2) [Jiyva's grace]
   275 | D        | Lost mutation: Your muscles are strong. (Str +2) [Jiyva's grace]
   276 | D        | Gained mutation: You are partially covered in icy blue scales. (AC +2) [Jiyva's grace]
   292 | D        | Lost mutation: Your flesh is cold resistant. (rC+) [Jiyva's grace]
   303 | D        | Gained mutation: You have acidic saliva. [Jiyva's grace]
   308 | D        | Noticed a big kobold
   309 | D        | Noticed an ogre
   330 | D        | Killed a big kobold
   330 | D        | Reached skill level 8 in Unarmed Combat
   330 | D        | Reached XP level 4. HP: 20/22 MP: 5/5
   336 | D        | Killed an ogre
   336 | D        | Reached skill level 5 in Fighting
   336 | D        | Reached skill level 9 in Unarmed Combat
   336 | D        | Reached XP level 5. HP: 13/26 MP: 6/6
   349 | D        | Gained mutation: Your system is resistant to poisons. (rPois) [Jiyva's grace]
   411 | D        | Reached skill level 1 in Stealth
   411 | D        | Reached skill level 10 in Unarmed Combat
   413 | D        | Noticed a shadow
   417 | D        | Killed a shadow
   417 | D        | Reached skill level 11 in Unarmed Combat
   417 | D        | Gained mutation: You are covered in thick fur. (AC +2) [Felid growth]
   417 | D        | Reached XP level 6. HP: 30/31 MP: 7/7
   436 | D        | Noticed a merfolk impaler
   436 | D        | Noticed a merfolk
   436 | D        | Noticed a merfolk
   436 | D        | Noticed a wraith
   437 | D        | Noticed a merfolk
   458 | D        | Killed a wraith
   458 | D        | Reached skill level 12 in Unarmed Combat
   458 | D        | Reached XP level 7. HP: 35/35 MP: 8/8
   468 | D        | Killed a merfolk impaler
   468 | D        | Reached skill level 13 in Unarmed Combat
   481 | D        | Killed a merfolk
   481 | D        | Reached skill level 14 in Unarmed Combat
   481 | D        | Reached XP level 8. HP: 30/40 MP: 9/9
   492 | D        | Killed a merfolk
   494 | D        | Gained mutation: Your pliable body absorbs attacks. (AC +2, EV +2) [Jiyva's grace]
   496 | D        | Gained mutation: You have a small jelly attached to you that may absorb incoming projectiles. [Jiyva's grace]
   498 | D        | Gained mutation: You are agile. (Dex +2) [Jiyva's grace]
   501 | D        | Lost mutation: You have a pair of small horns on your head. [Jiyva's grace]
   504 | D        | Gained mutation: You are very agile. (Dex +4) [Jiyva's grace]
   509 | D        | Killed a merfolk
   563 | D        | Gained mutation: You are partially covered in large bone plates. (SH +4) [Jiyva's grace]
   563 | D        | Lost mutation: You are very agile. (Dex +4) [Jiyva's grace]
   578 | D        | Gained mutation: Your body has grown many golden eyes which may confuse attackers. (Acc +5) [Jiyva's grace]
   583 | D        | Gained mutation: You can translocate small distances at will. [Jiyva's grace]
   589 | D        | Gained mutation: You passively map a small area around you. [Jiyva's grace]
   593 | D        | Lost mutation: Your pliable body absorbs attacks. (AC +2, EV +2) [Jiyva's grace]
   596 | D        | Gained mutation: Your spells are a little harder to cast, but a little more powerful. [Jiyva's grace]
   604 | D        | Gained mutation: Your spells are harder to cast, but more powerful. [Jiyva's grace]
   605 | D        | Gained mutation: You are surrounded by a mild repulsion field. (EV +2) [Jiyva's grace]
   605 | D        | Lost mutation: You are agile. (Dex +2) [Jiyva's grace]
   605 | D        | Lost mutation: You are partially covered in large bone plates. (SH +4) [Jiyva's grace]
   606 | D        | Lost mutation: Your rubbery body absorbs attacks. (AC +1, EV +1) [Jiyva's grace]
   608 | D        | Gained mutation: You are robust. (+10% HP) [Jiyva's grace]
   609 | D        | Lost mutation: Your system is resistant to poisons. (rPois) [Jiyva's grace]
   611 | D        | Lost mutation: You are robust. (+10% HP) [Jiyva's grace]
   612 | D        | Lost mutation: You passively map a small area around you. [Jiyva's grace]
   613 | D        | Gained mutation: You possess an exceptional clarity of mind. [Jiyva's grace]
   616 | D        | Lost mutation: You are covered in slimy tendrils that may disarm your opponents. [Jiyva's grace]
   618 | D        | Lost mutation: You have acidic saliva. [Jiyva's grace]
   635 | D        | Noticed Erolcha
   635 | D        | Noticed a polar bear
   644 | D        | Lost mutation: You have a small jelly attached to you that senses nearby items. [Jiyva's grace]
   645 | D        | Lost mutation: You are surrounded by a mild repulsion field. (EV +2) [Jiyva's grace]
   646 | D        | Lost mutation: You possess an exceptional clarity of mind. [Jiyva's grace]
   648 | D        | Gained mutation: Your body is covered in golden eyes which may confuse attackers. (Acc +7, SInv) [Jiyva's grace]
   657 | D        | Killed Erolcha
   657 | D        | Reached skill level 5 in Stealth
   657 | D        | Reached skill level 15 in Unarmed Combat
   657 | D        | Reached XP level 9. HP: 44/44 MP: 10/10
   658 | D        | Gained mutation: You have a small jelly attached to you that senses nearby items. [Jiyva's grace]
   661 | D        | Gained mutation: You are partially covered in large bone plates. (SH +4) [Jiyva's grace]
   663 | D        | Gained mutation: Your mind is acute. (Int +2) [Jiyva's grace]
   663 | D        | Lost mutation: You can translocate small distances at will. [Jiyva's grace]
   663 | D        | Lost mutation: Your translucent skin slightly reduces your foes' accuracy. (Stealth) [Jiyva's grace]
   682 | D        | Killed a polar bear
   682 | D        | Reached skill level 16 in Unarmed Combat
   813 | D        | Noticed a kobold demonologist
   818 | D        | Noticed a merfolk
   819 | D        | Noticed a kobold demonologist
   819 | D        | Noticed a merfolk
   820 | D        | Noticed a merfolk
   823 | D        | Noticed Joseph
   824 | D        | Noticed a merfolk javelineer
   898 | D        | Lost mutation: Your mind is acute. (Int +2) [Jiyva's grace]
   900 | D        | Gained mutation: You passively map a small area around you. [Jiyva's grace]
   900 | D        | Gained mutation: You are surrounded by a mild repulsion field. (EV +2) [Jiyva's grace]
   904 | D        | Lost mutation: You are partially covered in icy blue scales. (AC +2) [Jiyva's grace]
   906 | D        | Lost mutation: You have a small jelly attached to you that may absorb incoming projectiles. [Jiyva's grace]
   909 | D        | Lost mutation: Your spells are harder to cast, but more powerful. [Jiyva's grace]
   916 | D        | Lost mutation: Your body is covered in golden eyes which may confuse attackers. (Acc +7, SInv) [Jiyva's grace]
   920 | D        | Reached skill level 17 in Unarmed Combat
   923 | D        | Gained mutation: You are covered in slimy tendrils that may disarm your opponents. [Jiyva's grace]
   928 | D        | Lost mutation: You have a small jelly attached to you that senses nearby items. [Jiyva's grace]
   931 | D        | Lost mutation: You passively map a small area around you. [Jiyva's grace]
   934 | D        | Killed a merfolk
   934 | D        | Lost mutation: You are surrounded by a mild repulsion field. (EV +2) [Jiyva's grace]
   935 | D        | Gained mutation: Your rubbery body absorbs attacks. (AC +1, EV +1) [Jiyva's grace]
   937 | D        | Gained mutation: Your system is resistant to poisons. (rPois) [Jiyva's grace]
   940 | D        | Gained mutation: Armour fits poorly on your pseudopods. [Jiyva's grace]
   940 | D        | Gained mutation: You are partially covered in rugged brown scales. (AC +1, +3% HP) [Jiyva's grace]
   944 | D        | Lost mutation: You are covered in slimy tendrils that may disarm your opponents. [Jiyva's grace]
   948 | D        | Lost mutation: Your body has grown many golden eyes which may confuse attackers. (Acc +5) [Jiyva's grace]
   951 | D        | Lost mutation: You are partially covered in rugged brown scales. (AC +1, +3% HP) [Jiyva's grace]
   955 | D        | Killed Joseph
   955 | D        | Reached XP level 10. HP: 49/49 MP: 11/11
   961 | D        | Lost mutation: Your system is resistant to poisons. (rPois) [Jiyva's grace]
   961 | D        | Lost mutation: You are partially covered in large bone plates. (SH +4) [Jiyva's grace]
   965 | D        | Gained mutation: Your muscles are strong. (Str +2) [Jiyva's grace]
   987 | D        | Reached skill level 15 in Dodging
   987 | D        | Killed a merfolk javelineer
   987 | D        | Reached skill level 18 in Unarmed Combat
  1166 | D        | Gained mutation: You are resistant to hostile enchantments. (MR+) [Jiyva's grace]
  1168 | D        | Gained mutation: You are frail. (-10% HP) [Jiyva's grace]
  1168 | D        | Gained mutation: You have an increased reservoir of magic. (+10% MP) [Jiyva's grace]
  1169 | D        | Lost mutation: You are frail. (-10% HP) [Jiyva's grace]
  1170 | D        | Lost mutation: You are resistant to hostile enchantments. (MR+) [Jiyva's grace]
  1175 | D        | Gained mutation: You are partially covered in thin metallic scales. (AC +2) [Jiyva's grace]
  1181 | D        | Gained mutation: Your muscles are very strong. (Str +4) [Jiyva's grace]
  1208 | D        | Gained mutation: You are clumsy. (Dex -2) [Jiyva's grace]
  1208 | D        | Gained mutation: You are covered in slimy tendrils that may disarm your opponents. [Jiyva's grace]
  1233 | D        | Noticed a sixfirhy
  1247 | D        | Lost mutation: Your body has grown golden eyes which may confuse attackers. (Acc +3) [Jiyva's grace]
  1251 | D        | Lost mutation: You are covered in slimy tendrils that may disarm your opponents. [Jiyva's grace]
  1258 | D        | Noticed Dowan
  1265 | D        | Noticed a gargoyle
  1268 | D        | Killed Dowan
  1275 | D        | Killed a gargoyle
  1277 | D        | Lost mutation: Your muscles are very strong. (Str +4) [Jiyva's grace]
  1285 | D        | Noticed an orc knight
  1288 | D        | Lost mutation: Your muscles are strong. (Str +2) [Jiyva's grace]
  1295 | D        | Killed an orc knight
  1358 | D        | Reached skill level 19 in Unarmed Combat
  1488 | D        | Lost mutation: Your rubbery body absorbs attacks. (AC +1, EV +1) [Jiyva's grace]
  1530 | D        | Gained mutation: Your body has grown golden eyes which may confuse attackers. (Acc +3) [Jiyva's grace]
  1610 | D        | Noticed Duvessa
  1621 | D        | Killed Duvessa
  1722 | D        | Noticed a shadow wraith
  1722 | D        | Noticed a sun demon
  1751 | D        | HP: 1/49 [sun demon (19)]
  1753 | D        | Killed a sun demon
  1753 | D        | Reached XP level 11. HP: 2/53 MP: 13/13
  1779 | D        | Reached skill level 20 in Unarmed Combat
  1801 | D        | Killed a shadow wraith
  1895 | D        | Lost mutation: You have an increased reservoir of magic. (+10% MP) [Jiyva's grace]
  1969 | D        | Noticed Grum
  1969 | D        | Noticed a centaur warrior
  1969 | D        | Noticed a sea snake
  1982 | D        | Killed a sea snake
  2009 | D        | Killed Grum
  2057 | D        | Gained mutation: Armour fits poorly on your large pseudopods. [Jiyva's grace]
  2061 | D        | Lost mutation: Your spells are a little harder to cast, but a little more powerful. [Jiyva's grace]
  2067 | D        | Lost mutation: Your body has grown golden eyes which may confuse attackers. (Acc +3) [Jiyva's grace]
  2072 | D        | Gained mutation: Your mind is acute. (Int +2) [Jiyva's grace]
  2080 | D        | Reached skill level 21 in Unarmed Combat
  2094 | D        | Killed a centaur warrior
  2121 | D        | Noticed a spriggan druid
  2123 | D        | Gained mutation: You are covered in slimy tendrils that may disarm your opponents. [Jiyva's grace]
  2145 | D        | Gained mutation: Your translucent skin slightly reduces your foes' accuracy. (Stealth) [Jiyva's grace]
  2167 | D        | Gained mutation: Armour fits poorly on your massive pseudopods. [Jiyva's grace]
  2167 | D        | Lost mutation: You are clumsy. (Dex -2) [Jiyva's grace]
  2196 | D        | Killed a spriggan druid
  2196 | D        | Reached skill level 10 in Stealth
  2214 | D        | Noticed a vampire mage
  2228 | D        | Killed a vampire mage
  2251 | D        | Noticed a deep elf master archer
  2251 | D        | Noticed a yellow draconian
  2251 | D        | Noticed a fire giant
  2252 | D        | Noticed a deep elf annihilator
  2252 | D        | Noticed a deep elf sorcerer
  2253 | D        | Noticed a cherub
  2253 | D        | Noticed a deep elf high priest
  2253 | D        | Noticed a green draconian annihilator
  2254 | D        | Noticed a deep elf death mage
  2255 | D        | Noticed a cherub
  2255 | D        | Killed a deep elf master archer
  2255 | D        | Reached skill level 22 in Unarmed Combat
  2256 | D        | Noticed a nagaraja
  2270 | D        | Killed a fire giant
  2270 | D        | Gained mutation: Your thick and shaggy fur keeps you warm. (AC +3, rC+) [Felid growth]
  2270 | D        | Reached XP level 12. HP: 27/57 MP: 13/13
  2291 | D        | Killed a deep elf sorcerer
  2294 | D        | Gained mutation: You have a pair of small antennae on your head. [Jiyva's grace]
  2298 | D        | Noticed a vampire mage
  2298 | D        | Gained mutation: Your rubbery body absorbs attacks. (AC +1, EV +1) [Jiyva's grace]
  2300 | D        | Lost mutation: Armour fits poorly on your massive pseudopods. [Jiyva's grace]
  2300 | D        | Gained mutation: You tend to lose your temper in combat. [Jiyva's grace]
  2304 | D        | Lost mutation: You tend to lose your temper in combat. [Jiyva's grace]
  2305 | D        | Killed a vampire mage
  2314 | D        | Gained mutation: You have a small jelly attached to you that senses nearby items. [Jiyva's grace]
  2314 | D        | Lost mutation: Your mind is acute. (Int +2) [Jiyva's grace]
  2317 | D        | Gained mutation: You have an increased reservoir of magic. (+10% MP) [Jiyva's grace]
  2318 | D        | Gained mutation: You have a considerably increased reservoir of magic. (+20% MP) [Jiyva's grace]
  2319 | D        | Gained mutation: Your body has grown golden eyes which may confuse attackers. (Acc +3) [Jiyva's grace]
  2320 | D        | Noticed a mottled draconian monk
  2322 | D        | Noticed an ogre mage
  2323 | D        | Noticed a deep elf death mage
  2324 | D        | Killed from afar by a green draconian annihilator
  2325 | D        | Reached XP level 11. HP: -38/53 MP: 14/14
  2340 | D        | Noticed a green death
  2341 | D        | Noticed an orc knight
  2341 | D        | Lost mutation: Your rubbery body absorbs attacks. (AC +1, EV +1) [Jiyva's grace]
  2342 | D        | Killed a green death
  2343 | D        | Noticed an orc knight
  2344 | D        | Noticed a naga warrior
  2344 | D        | Noticed an orc knight
  2348 | D        | Noticed an orc warlord
  2348 | D        | Noticed an orc knight
  2349 | D        | Noticed an orc knight
  2349 | D        | Noticed a deep elf knight
  2353 | D        | Noticed an orc knight
  2354 | D        | Noticed an orc warlord
  2356 | D        | Killed an orc knight
  2357 | D        | Noticed an orc knight
  2359 | D        | Noticed an orc knight
  2361 | D        | Noticed an orc knight
  2363 | D        | Noticed an orc knight
  2368 | D        | Killed a deep elf knight
  2368 | D        | Reached skill level 23 in Unarmed Combat
  2374 | D        | Killed a naga warrior
  2384 | D        | Killed an orc warlord
  2385 | D        | Noticed a vampire mage
  2396 | D        | Killed an orc warlord
  2401 | D        | Killed an orc knight
  2408 | D        | Killed an orc knight
  2411 | D        | Killed an orc knight
  2419 | D        | Killed an orc knight
  2421 | D        | Killed a vampire mage
  2424 | D        | Mangled by an orc knight
  2425 | D        | Reached XP level 10. HP: -10/51 MP: 10/13
  2426 | D        | Killed an orc knight
  2429 | D        | Killed an orc knight
  2429 | D        | Reached XP level 11. HP: 54/54 MP: 14/14
  2440 | D        | Killed an orc knight
  2443 | D        | Killed an orc knight
  2443 | D        | Reached skill level 24 in Unarmed Combat
  2446 | D        | Slain by an orc knight

Skill      XL: |  1  2  3  4  5  6  7  8  9 10 11 |
---------------+----------------------------------+-----
Unarmed Combat | 5 6 8 9 11 12 14 15 17 19 24 | 24.0
Dodging        | 5 6 7 9 11 13 14 16 19 | 19.2
Fighting       | 4 5 6 7 8 9 |  9.9
Stealth        | 2 3 4 5 6 8 14 | 14.0

Action                   |  1- 3 |  4- 6 |  7- 9 | 10-12 || total
-------------------------+-------+-------+-------+-------++-------
Melee: Unarmed           |    49 |    19 |    95 |   262 ||   425
       Bite              |     9 |     3 |    10 |    39 ||    61
       Headbutt          |       |     7 |     5 |       ||    12
       Punch             |       |     3 |     6 |    29 ||    38
       Pseudopods        |       |       |       |    51 ||    51
  Use: Potion            |     1 |       |     1 |    12 ||    14
 Stab: Sleeping          |       |     1 |       |     4 ||     5
       Confused          |       |       |       |     2 ||     2
       Distracted        |       |       |       |     3 ||     3
Armor: Skin              |     2 |       |     6 |    11 ||    19
Dodge: Dodged            |    41 |    12 |    73 |   289 ||   415
Block: Other             |       |       |     6 |       ||     6
